 Dungeon Crawl Stone Soup version 0.29.1-14-g9c671dbff4 (webtiles) character file.

Game seed: 10916159079213193225

34 hawla the Chiller (level 3, -2/26 HPs)
             Began as a Meteoran Ice Elementalist on Feb 20, 2023.
             Slain by an orc warrior
             ... wielding a +0 halberd
              (7 damage)
             ... on level 4 of the Dungeon.
             The game lasted 00:02:37 (432 turns).

hawla the Chiller (Meteoran Ice Elementalist)        Turns: 432, Time: 00:02:39

Health: -2/26      AC:  2    Str:  9    XL:     3   Next: 73%
Magic:  8/9        EV: 12    Int: 19    God:
Gold:   48         SH:  0    Dex: 14    Spells: 5/9 levels left

rFire   . . .      SeeInvis .   (no weapon)
rCold   . . .      Faith    .   (no shield)
rNeg    . . .      Spirit   .   a - +0 robe
rPois   .          Reflect  .   (no helmet)
rElec   .          Harm     .   (no cloak)
rCorr   .          Rampage  .   (no gloves)
Will    .....                   (no boots)
Stlth   +.........              (no amulet)
HPRegen 0.08/turn               (no ring)
MPRegen 0.11/turn               (no ring)

@: glowing
A: sense surroundings 1, otherworldly, glowing, explore regen
a: no special abilities


You were on level 4 of the Dungeon.
You visited 1 branch of the dungeon, and saw 4 of its levels.

You collected 48 gold pieces.

Inventory:

Armour
 a - a +0 robe (worn)
Scrolls
 e - a scroll of enchant armour
 f - a scroll of poison


   Skills:
 + Level 2.5 Dodging
 - Level 1.4 Stealth
 + Level 3.5 Spellcasting
 + Level 5.1 Ice Magic


You had 5 spell levels left.
You knew the following spells:

 Your Spells              Type           Power      Damage    Failure   Level
a - Freeze                Ice            88%        1d10      1%          1
b - Frozen Ramparts       Ice            44%        1d7       5%          3

Your spell library contained the following spells:

 Spells                   Type           Power      Damage    Failure   Level
 Ozocubu's Armour         Ice            22%        N/A       5%          3
 Hailstorm                Conj/Ice       13%        3d5       45%         4


Dungeon Overview and Level Annotations

Branches:
Dungeon (4/15) Zot: 1963
 Temple: D:4-7

Altars:


Innate Abilities, Weirdness & Mutations

You passively map a small area around you.
You are easily found by Zot.
You glow in the dark.
You regain HP and MP as you explore.


Message History

Your Ice Magic skill increases to level 5!
The wall freezes the orc warrior.
The orc warrior throws a boomerang.
The boomerang hits you!
The wall freezes the orc.
Your magical contamination has completely faded away.
Unknown command.
Magic courses through your body.
The wall freezes the orc warrior but does no damage.
The orc warrior throws a boomerang.
The boomerang hits you.
* * * LOW HITPOINT WARNING * * *
The wall freezes the orc.
You kill the orc!
The wall freezes the orc.
You feel better.
The wall freezes the orc warrior.
The orc warrior closely misses you.
The wall freezes the orc.
Casting: Freeze (safe; 1% risk of failure)
Confirm with . or Enter, or press ? or * to list all spells.
Aiming: Freeze (safe; 1% risk of failure)
Press: ? - help, Shift-Dir - straight line, f - orc
Aim: an orc, wielding a +0 dagger (heavily wounded)
You freeze the orc.
You kill the orc!
The wall freezes the goblin!
You kill the goblin!
The wall freezes the orc warrior.
The orc warrior barely misses you.
The wall freezes the orc warrior but does no damage.
The orc warrior barely misses you.
The frozen ramparts melt away.
The orc warrior barely misses you.
The orc warrior hits you with a +0 halberd!
* * * LOW HITPOINT WARNING * * *
Things that are here:
a +0 dagger; an orc corpse
Casting: Freeze (safe; 1% risk of failure)
Confirm with . or Enter, or press ? or * to list all spells.
Aiming: Freeze (safe; 1% risk of failure)
Press: ? - help, Shift-Dir - straight line, f - orc warrior
Aim: an orc warrior, wielding a +0 halberd, wearing a +0 chain mail and quivering boomerangs (severely wounded)
You freeze the orc warrior!
The orc warrior is almost dead.
The orc warrior hits you with a +0 halberd!
You die...

*... ...# ##( ,
,* #... ...# 8o
, , ,
....###..#.., ,
, .$..#...#. 8,
, , #....... ,
, #.....#, ,, ,
, , #...)#,* ,
, ,, * ##.)o#
### , *
*##..#@##...(!*
, *
**#^..#.)......
##<####......
.........#
*......
........##
*..... * , *
......... *
..... *
.....#..#
,,.### *
.....##.# ,.. ,
.... ,..., * *


You could see an orc warrior.

Vanquished Creatures
  An adder (D:2)
  A dart slug (D:1)
  3 orcs (D:4)
  4 bats (D:1)
  A goblin (D:4)
  A hobgoblin (D:1)
  4 kobolds (D:1)
  3 ball pythons
  A frilled lizard (D:1)
  2 rats (D:1)
21 creatures vanquished.

Notes
Turn   | Place    | Note
-------+----------+-------------------------------------------
     0 | D:1      | hawla the Meteoran Ice Elementalist began the quest for the
                  | Orb.
     0 | D:1      | Reached XP level 1. HP: 14/14 MP: 5/5
    28 | D:1      | Reached XP level 2. HP: 20/20 MP: 1/6
   357 | D:2      | Reached XP level 3. HP: 19/26 MP: 6/9
   361 | D:2      | Learned a level 3 spell: Frozen Ramparts
   416 | D:4      | Noticed an orc warrior
   425 | D:4      | Reached skill level 5 in Ice Magic
   432 | D:4      | Slain by an orc warrior

Illustrated notes

Levels and vault maps discovered:
D:1:      lightli_arrival_boilingwater, layout_loops_corners,
          dreamdust_ecumenical_altar_hidden_monk_grotto, serial_shops,
          nicolae_diamond_shop, serial_bayou_pond_e,
          chequers_serial_rivers_micro_b
D:2:      layout_basic, minmay_tetromino_i4
D:3:      minmay_spotlight, layout_basic, nicolae_wu_jian_glorious_leap
D:4:      layout_cave_pools, nicolae_ashenzari_panopticon, serial_shops, shop,
          guppyfry_early_orc_mine

Skill      XL: |  1  2  3 |
---------------+----------+-----
Spellcasting   | 3 |  3.5
Ice Magic      | 5 |  5.1
Dodging        | |  2.5
Stealth        | |  1.4

Action                   || total
-------------------------++-------
Melee: Unarmed           ||     3
 Cast: Freeze            ||    24
       Frozen Ramparts   ||     1
  Use: Scroll            ||     4
       Potion            ||     2
Armor: Robe              ||     4
Dodge: Dodged            ||    13
